cohdb
Replays
Latest Replays
All Replays
Popular Replays
Top Player Replays
Match Explorer
How It Works
Community
CoH3 Stats
Reddit
Sign in to upload your games and track your stats! →
Sign in with Steam
Match 46977121
Unlisted
Match 46977121
Overview
Messages
Build Orders
End
Construct Section Command Post
Selects Heavy Armor Battlegroup
Infantry Section
Infantry Section
Infantry Section
Infantry Section
Construct Field Infirmary
Construct Platoon Command Post
Selects Rigorous Vehicle Training
Selects Forward Repair Assembly
Unlock M3 Stuart Light Tanks
M3 Stuart Light Tank
Infantry Training
★Dima★
DeadMan
n3
MAVNE
Sad Pepe
gio_misro
0
0
Comments
sign in to comment!
No comments posted yet!